 Dungeon Crawl Stone Soup version 0.31-a0-1074-g0b22e4e0f1 (webtiles) character file.

Game seed: 15551529577081029733

29 zxpr0jk the Trooper (level 3, -1/29 HPs)
             Began as a Demonspawn Chaos Knight on Dec 2, 2023.
             Was a Plaything of Xom.
             Slain by a worm (7 damage)
             ... on level 2 of the Dungeon.
             The game lasted 00:02:59 (816 turns).

zxpr0jk the Trooper (Demonspawn Chaos Knight)        Turns: 816, Time: 00:02:59

Health: -1/29      AC:  5    Str: 14    XL:     3   Next: 1%
Magic:  3/3        EV: 11    Int: 13    God:    Xom [..*...]
Gold:   123        SH:  0    Dex: 12    Spells: 2/2 levels left

rFire   . . .        a - +0 hand axe (chaos)
rCold   . . .        (no shield)
rNeg    . . .        b - +2 leather armour
rPois   .            (no helmet)
rElec   .            f - scarf {harm}
rCorr   .            (no gloves)
SInv    .            (no boots)
Will    .....        (no amulet)
Stlth   +++          (no ring)
HPRegen 0.24/turn    (no ring)
MPRegen 0.08/turn

%: harm (+30% outgoing, +20% incoming)
@: lethally poisoned (-1 -> -4), especially stealthy
A: ignite blood 1
a: Renounce Religion


You were on level 2 of the Dungeon.
You worshipped Xom.
You were a toy of Xom.
You visited 1 branch of the dungeon, and saw 2 of its levels.

You collected 123 gold pieces.

Inventory:

Hand Weapons
 a - a +0 hand axe of chaos (weapon)
Missiles
 k - 14 stones (quivered)
Armour
 b - a +2 leather armour (worn)
 f - a scarf of harm (worn)
Scrolls
 c - a scroll of butterflies
 d - a scroll of blinking {unknown}
 e - a scroll of teleportation {unknown}
 g - a scroll of revelation {unknown}
 j - a scroll of torment {unknown}
Potions
 h - a potion of haste {unknown}
 i - a potion of heal wounds {unknown}


   Skills:
 + Level 3.2 Fighting
 * Level 3.1 Axes
 * Level 2.4 Armour
 - Level 1.0 Dodging


You had 2 spell levels left.
You didn't know any spells.
Your spell library contained the following spells:

 Spells                   Type           Power      Damage    Failure   Level
 Ozocubu's Armour         Ice            0%         N/A       75%         3
 Ozocubu's Refrigeration  Ice            0%         4d7       100%        7


Dungeon Overview and Level Annotations

Branches:
Dungeon (2/15)

Altars:


Innate Abilities, Weirdness & Mutations

Your demonic aura sometimes causes spilled blood to erupt in flames.


Message History

k - 14 stones (gained 8)
Found 3 poisoned darts.
An adder comes into view.
A worm comes into view.
The helpless adder fails to defend itself.
You hit the adder.
Space warps around the adder.
The adder is heavily wounded.
The adder barely misses you.
You closely miss the adder.
The adder is heavily wounded.
The adder bites you but does no damage. x2
You closely miss the adder.
The adder is heavily wounded.
The adder misses you. The adder closely misses you.
You closely miss the adder.
The adder is heavily wounded.
You barely miss the worm. The adder barely misses you.
You completely miss the adder.
The adder is moderately wounded.
You hit the worm.
The worm seems to speed up.
The adder bites you but does no damage. The worm bites you.
The adder bites you.
You are poisoned.
The adder poisons you! The worm bites you but does no damage.
You hit the adder but do no damage.
The adder is moderately wounded.
You hit the worm. You freeze the worm.
You feel sick. The adder bites you. The worm bites you.
Unknown command.
You are too injured to fight recklessly!
Unknown command.
You are too injured to fight recklessly!
Unknown command.
You are too injured to fight recklessly!
You closely miss the adder.
The adder is moderately wounded.
You hit the worm.
You feel sick. The adder bites you.
* * * LOW HITPOINT WARNING * * *
The worm bites you.
You die...

.....###...#..#...#
.....#........#...#
.....#.#......#...#
...........####...####
.....................#
#####......#####.###...
#......#.......#
#..†...#...^.#.#
#......#####@#.#
#......#...wS..#
######.#.###.### #.#
#.# .# #.# #.# #.# #..


You could see a worm (fast) and an adder.

Vanquished Creatures
  2 dart slugs
  A ball python (D:1)
  7 endoplasms (D:1)
  A giant cockroach (D:1)
  2 hobgoblins (D:1)
  3 goblins
  2 kobolds (D:1)
  4 rats
22 creatures vanquished.

Notes
Turn   | Place    | Note
-------+----------+-------------------------------------------
     0 | D:1      | zxpr0jk the Demonspawn Chaos Knight began the quest for the
                  | Orb.
     0 | D:1      | Reached XP level 1. HP: 18/18 MP: 1/1
    40 | D:1      | XOM: divination: detect creatures
    45 | D:1      | Reached skill level 1 in Dodging
    46 | D:1      | XOM: divination: detect creatures
    80 | D:1      | Gained mutation: Your demonic aura sometimes causes spilled
                  | blood to erupt in flames. [demonic ancestry]
    80 | D:1      | Reached XP level 2. HP: 16/24 MP: 2/2
   221 | D:1      | XOM: smoke on damage
   383 | D:1      | XOM: 5-stop teleportation journey
   549 | D:1      | Found a faded altar of an unknown god.
   585 | D:1      | XOM: silly message
   591 | D:1      | XOM: silly message
   748 | D:2      | XOM: stealth player
   765 | D:2      | Reached XP level 3. HP: 28/29 MP: 3/3
   816 | D:2      | Slain by a worm

Illustrated notes

Levels and vault maps discovered:
D:1:      minmay_arrival_wavy_path, layout_rooms,
          chequers_ecumenical_altar_simple, kennysheep_boxes
D:2:      layout_basic, uniq_natasha, uniq_robin

Skill      XL: |  1  2 |
---------------+-------+-----
Dodging        | 1 |  1.0
Armour         | 2 |  2.4
Axes           | 3 |  3.1
Fighting       | |  3.2

Action                     || total
---------------------------++-------
  Melee: Hand axe          ||    53
         Punch             ||     1
   Stab: Sleeping          ||     2
 Armour: Leather armour    ||    30
  Dodge: Dodged            ||    25

Table legend: (Time is in decaauts)
 A = Elapsed time spent in this place.
 B = Non-inter-level travel time spent in this place.
 C = Inter-level travel time spent in this place.
 D = Time resting spent in this place.
 E = Time spent auto-exploring this place.
 F = Levels seen in this place.
 G = Mean time per level.
                   A        B        C        D        E       F      G
               +--------+--------+--------+--------+--------+-----+--------+
         Total |    823 |    799 |     24 |     46 |    581 |   2 |  411.5 |
       Dungeon |    823 |    799 |     24 |     46 |    581 |   2 |  411.5 |
               +--------+--------+--------+--------+--------+-----+--------+

Top non-repeatable levels by time:
     D:1: 754 daAuts
     D:2: 69 daAuts
